 Dungeon Crawl Stone Soup version 0.25-a0-413-g3b4b6a4ccc (webtiles) character file.

Game seed: 5171419032768298550, levelgen mode: deterministic

38 Erk the Conjurer (level 3, -4/26 HPs)
             Began as a Human Conjurer on Jan 17, 2020.
             Slain by a killer bee (5 damage)
             ... on level 2 of the Dungeon.
             The game lasted 00:05:18 (990 turns).

Erk the Conjurer (Human Conjurer)                    Turns: 990, Time: 00:05:18

Health: -4/26      AC:  2    Str:  8    XL:     3   Next: 65%
Magic:  6/6        EV: 13    Int: 16    God:
Gold:   27         SH:  0    Dex: 13    Spells: 5/6 levels left

rFire    . . .     SeeInvis .   i - +0 spear
rCold    . . .     Gourm    .   (no shield)
rNeg     + . .     Faith    .   a - +0 robe
rPois    .         Spirit   .   (no helmet)
rElec    .         Reflect  .   (no cloak)
rCorr    .         Harm     .   (no gloves)
MR       .....                  (no boots)
Stlth    ++........             (no amulet)
HPRegen  0.08/turn              d - ring of positive energy
MPRegen  0.10/turn              (no ring)

@: no status effects
A: no striking features
a: no special abilities


You were on level 2 of the Dungeon.
You were not hungry.

You visited 1 branch of the dungeon, and saw 2 of its levels.

You collected 27 gold pieces.

Inventory:

Hand Weapons
 h - a +0 dagger
 i - a +0 spear (weapon)
Missiles
 g - 24 bolts
 l - 48 stones
 m - 19 poisoned darts (quivered)
Armour
 a - a +0 robe (worn)
Jewellery
 d - a ring of positive energy (left hand)
Wands
 n - a wand of iceblast (14)
Scrolls
 b - 3 scrolls of identify {unknown}
 e - a scroll of teleportation {unknown}
Potions
 f - a potion of mutation {unknown}
 j - 4 potions of curing {unknown}
 k - a potion of invisibility {unknown}
Comestibles
 c - 5 rations


   Skills:
 + Level 1.5 Fighting
 + Level 2.6 Dodging
 - Level 2.0 Stealth
 - Level 2.0 Spellcasting
 + Level 4.4 Conjurations


You had 5 spell levels left.
You knew the following spells:

 Your Spells              Type           Power        Failure   Level  Hunger
a - Magic Dart            Conj           ###.         3%          1    #......

Your spell library contained the following spells:

 Spells                   Type           Power        Failure   Level  Hunger
 Searing Ray              Conj           ###...       5%          2    ###....
 Dazzling Flash           Conj/Hex       #.....       26%         3    ###....
 Fulminant Prism          Conj/Hex       #.........   63%         4    #####..
 Iskenderun's Mystic Bla  Conj/Tloc      #.......     63%         4    #####..


Dungeon Overview and Level Annotations

Branches:
Dungeon (2/15)

Altars:


Message History

The killer bee misses you. The killer bee barely misses you.
The killer bee closely misses you. The killer bee misses you.
The killer bee barely misses you.
The killer bee stings you but does no damage.
The killer bee misses you. The killer bee stings you.
The killer bee stings you! The killer bee barely misses you.
The killer bee closely misses you.
You see here an adder corpse.
The killer bee barely misses you. The killer bee stings you!
* * * LOW HITPOINT WARNING * * *
The killer bee stings you.
* * * LOW HITPOINT WARNING * * *
There is a stone staircase leading up here.
The killer bee stings you.
You die...

.....# ###.#..# ....#..#
.##.#..## ..#.....#
#...#...## #.#)##...#
#.#......##########
#.#.###......Syy@.#
#.......#########.......
#####..## ####### #.##
#.# #######
#.####.......
###.##.)...#
#...##<###.# #......#


You could see 2 killer bees and an adder.

Vanquished Creatures
  2 adders (D:2)
  A dart slug (D:1)
  A giant cockroach (D:1)
  4 goblins
  2 hobgoblins (D:1)
  3 bats (D:1)
  2 frilled lizards (D:1)
  2 kobolds (D:1)
  4 rats
21 creatures vanquished.

Vanquished Creatures (others)
  A hobgoblin (D:2)
1 creature vanquished.

Grand Total: 22 creatures vanquished

Notes
Turn   | Place    | Note
-------+----------+-------------------------------------------
     0 | D:1      | Erk the Human Conjurer began the quest for the Orb.
     0 | D:1      | Reached XP level 1. HP: 13/13 MP: 3/3
   246 | D:1      | Reached XP level 2. HP: 18/20 MP: 0/5
   443 | D:2      | Reached skill level 1 in Fighting
   495 | D:1      | Reached XP level 3. HP: 14/26 MP: 1/6
   970 | D:2      | Noticed a killer bee
   972 | D:2      | Noticed a killer bee
   974 | D:2      | Noticed a killer bee
   989 | D:2      | HP: 1/26 [killer bee (5)]
   990 | D:2      | Slain by a killer bee

Levels and vault maps discovered:
D:1:      eino_arrival_cavern_d, layout_loops_corners
D:2:      minmay_diamond_boxcup, layout_loops_ring,
          chequers_temple_overflow_statue_of_worship, first_ration,
          minmay_tromino_mix6, uniq_sigmund

Skill      XL: |  1  2 |
---------------+-------+-----
Fighting       | 1 |  1.5
Dodging        | |  2.6
Stealth        | |  2.0
Spellcasting   | |  2.0
Conjurations   | |  4.4

Action                   || total
-------------------------++-------
Melee: Unarmed           ||    14
       Spear             ||    28
 Cast: Magic Dart        ||    40
  Eat: Chunk             ||     1
Armor: Robe              ||    10
Dodge: Dodged            ||    41

Table legend:
 A = Non-vault XP
 B = Vault XP
 C = Vault XP percentage of total XP
 D = Non-vault monster count
 E = Vault monster count
 F = Vault count percentage of total count
                 A         B        C        D         E       F
            +---------+---------+-------+---------+---------+-------
      Total |      54 |       1 |   1.8 |      21 |       1 |   4.5
            +---------+---------+-------+---------+---------+-------
        D:1 |      24 |       0 |   0.0 |      17 |       0 |   0.0
        D:2 |      30 |       1 |   3.2 |       4 |       1 |  20.0
            +---------+---------+-------+---------+---------+-------
